 Dungeon Crawl Stone Soup version 0.30-a0-1014-g3371b13838 (webtiles) character file.

Game seed: 400285940566945546

30 CryoSword the Firebug (level 2, -3/20 HPs)
             Began as a Demigod Fire Elementalist on Apr 6, 2023.
             Slain by Terence
             ... wielding a +0 hand axe
              (7 damage)
             ... on level 2 of the Dungeon.
             The game lasted 00:01:41 (1322 turns).

CryoSword the Firebug (Demigod Fire Elementalist)   Turns: 1322, Time: 00:01:41

Health: -3/20      AC:  2    Str:  9    XL:     2   Next: 87%
Magic:  1/7        EV: 12    Int: 17    God:
Gold:   55         SH:  0    Dex: 14    Spells: 1/4 levels left

rFire   . . .      SeeInvis .    f - +2 short sword (freeze)
rCold   . . .      Faith    .    (no shield)
rNeg    . . .      Spirit   .    a - +0 robe
rPois   .          Reflect  .    (no helmet)
rElec   .          Rampage  .    (no cloak)
rCorr   .                        (no gloves)
Will    .....                    (no boots)
Stlth   ++                       (no amulet)
HPRegen 0.23/turn                (no ring)
MPRegen 0.10/turn                (no ring)

@: mighty
A: high MP 1, forlorn, divine attributes
a: no special abilities


You were on level 2 of the Dungeon.
You visited 1 branch of the dungeon, and saw 2 of its levels.

You collected 55 gold pieces.

Inventory:

Hand Weapons
 f - a +2 short sword of freezing (weapon)
   (You took it off a kobold on level 1 of the Dungeon)
Armour
 a - a +0 robe (worn)
Scrolls
 d - a scroll of torment {unknown}
 e - a scroll of identify {unknown}
Potions
 b - a potion of magic
 c - a potion of curing {unknown}
 g - a potion of might


   Skills:
 - Level 1.7 Dodging
 - Level 1.7 Stealth
 - Level 1.7 Spellcasting
 + Level 2.0 Conjurations
 + Level 3.3 Fire Magic


You had one spell level left.
You knew the following spells:

 Your Spells              Type           Power      Damage    Failure   Level
a - Foxfire               Conj/Fire      40%        2x1d6     7%          1
b - Scorch                Fire           24%        2d6       8%          2

Your spell library contained the following spells:

 Spells                   Type           Power      Damage    Failure   Level
 Shock                    Conj/Air       16%        1d4       13%         1
 Poisonous Vapours        Pois/Air       2%         N/A       30%         2
 Inner Flame              Hex/Fire       7%         N/A       30%         3
 Volatile Blastmotes      Fire/Tloc      14%        2d11      30%         3
 Mephitic Cloud           Conj/Pois/Air  3%         N/A       41%         3
 Swiftness                Air            1%         N/A       52%         3
 Flame Wave               Conj/Fire      10%        2d6       54%         4
 Airstrike                Air            0%         2d(1-17)  89%         4
 Freezing Cloud           Conj/Ice/Air   1%         6-21      99%         5


Dungeon Overview and Level Annotations

Branches:
Dungeon (2/15)

Annotations:
D:2 Terence


Innate Abilities, Weirdness & Mutations

You have an increased reservoir of magic. (+10% MP)
You shall have no god before yourself.
Your divine heritage dramatically boosts your attributes as you level up.


Message History

The foxfire hits the giant cockroach.
You kill the giant cockroach!
You see here a giant cockroach corpse.
Key pressed, stopping explore.
A kobold comes into view. It is wielding a +0 short sword.
The kobold shouts!
A kobold is nearby!
A kobold is nearby!
Flames lash the kobold.
You kill the kobold!
Found 7 stones.
An endoplasm comes into view.
Found a ring mail.
An endoplasm is nearby!
An endoplasm is nearby!
You can't see any susceptible monsters within range! (Use Z to cast anyway.)
You see here a +0 ring mail.
Flames lash the endoplasm.
You kill the endoplasm!
You see here a +0 ring mail.
You now have 23 gold pieces (gained 8).
Found 4 stones.
A goblin comes into view. It is wielding a +0 dagger.
A goblin is nearby!
A goblin is nearby!
You see here 4 stones.
You miscast Scorch.
You are very lightly contaminated with residual magic.
Nothing appears to happen.
The goblin completely misses you.
Flames lash the goblin.
You kill the goblin!
An endoplasm comes into view.
Your magical contamination has completely faded away.
An endoplasm is nearby!
An endoplasm is nearby!
Flames lash the endoplasm.
The endoplasm quivers.
The endoplasm's fire resistance burns away.
Flames lash the endoplasm.
The endoplasm is burned terribly!
You kill the endoplasm!
Things that are here:
a +0 dagger; a goblin corpse A kobold comes into view.
It is wielding a +2 short sword of freezing.
A kobold is nearby!
A kobold is nearby!
A kobold is nearby!
Flames lash the kobold.
You kill the kobold!
You see here a +2 short sword of freezing.
f - a +2 short sword of freezing Your +2 short sword of freezing glows with a cold blue light!
f - a +2 short sword of freezing (weapon)
A goblin comes into view. It is wielding a +0 club.
You drop a +0 falchion.
Flames lash the goblin.
You kill the goblin!
You see here a +0 club.
d - a scroll labelled BOVINO TILIAN
Found a stone staircase leading down.
A hobgoblin comes into view.
Found 16 gold pieces.
The hobgoblin shouts!
Flames lash the hobgoblin.
You kill the hobgoblin!
You now have 39 gold pieces (gained 16).
You see here 8 stones.
Done exploring.
Done exploring.
Done exploring.
Done exploring.
There is a stone staircase leading down here.
You climb downwards.
There is a stone staircase leading up here.
A ball python and a hobgoblin come into view.
The hobgoblin shouts!
The ball python hisses angrily.
The hobgoblin moves out of view.
A ball python is nearby!
A ball python is nearby!
Flames lash the ball python.
You kill the ball python!
Flames lash the hobgoblin.
You kill the hobgoblin!
You see here a ball python corpse.
You see here a hobgoblin corpse.
You pick up a book of Air and begin reading...
You add the spells Shock, Swiftness and Airstrike to your library.
You now have 49 gold pieces (gained 10).
Could not explore, unopened door.
Could not explore, unopened door.
You open the door.
A kobold comes into view. It is wielding a +0 club.
The kobold shouts!
You hear an angry hiss.
A ball python comes into view.
The kobold moves out of view.
A ball python is nearby!
A ball python is nearby!
A ball python is nearby!
Found 6 gold pieces.
The kobold throws a stone.
The stone misses you.
There is an open door here.
The kobold barely misses you.
Flames lash the ball python.
You kill the ball python!
The kobold completely misses you.
Your Conjurations skill increases to level 2!
Flames lash the kobold.
The kobold's fire resistance burns away.
The kobold hits you with a +0 club.
A kobold is nearby!
Flames lash the kobold.
The kobold is burned terribly!
You kill the kobold!
You now have 55 gold pieces (gained 6).
Could not explore, unopened door.
Could not explore, unopened door.
Could not explore, unopened door.
You open the door.
A ball python comes into view.
Found 2 fuming blue potions.
A ball python is nearby!
A ball python is nearby!
Flames lash the ball python.
You kill the ball python!
There is an open door here.
g - 2 fuming blue potions Terence, a giant cockroach and a kobold come into view.
You conjure some foxfire!
The kobold shouts!
The kobold drinks a potion.
The kobold suddenly seems more resistant.
Terence shouts!
The foxfire hits the giant cockroach but does no damage.
You conjure some foxfire!
The foxfire hits Terence but does no damage.
The foxfire hits Terence.
A kobold comes into view. It is wielding a +0 club.
Flames lash the giant cockroach.
The giant cockroach's fire resistance burns away.
The kobold shouts!
You conjure some foxfire!
The foxfire hits the giant cockroach.
The giant cockroach is burned terribly!
You kill the giant cockroach!
Flames lash the kobold.
You kill the kobold!
The foxfire hits Terence but does no damage.
Terence hits you with a +0 hand axe!
It was a potion of might.
You feel very mighty all of a sudden. Terence hits you with a +0 hand axe!
* * * LOW HITPOINT WARNING * * *
Terence attacks as you move away! Terence hits you with a +0 hand axe!
You die...

####'####.### #........
............###........
...).^...##...'........
.........######........
.........# #........
........... #.#######
...........# #.##
...........# #..#
...........# ##@# #@#
#K## #..# ##..# ....#
).....# ....$..#
..........


You could see Terence and a kobold (resistant).

Vanquished Creatures
  5 ball pythons
  3 endoplasms (D:1)
  4 giant cockroaches
  2 goblins (D:1)
  5 hobgoblins
  2 bats (D:1)
  5 kobolds
  A rat (D:1)
27 creatures vanquished.

Vanquished Creatures (others)
  38 foxfires
38 creatures vanquished.

Grand Total: 65 creatures vanquished

Notes
Turn   | Place    | Note
-------+----------+-------------------------------------------
     0 | D:1      | CryoSword the Demigod Fire Elementalist began the quest for
                  | the Orb.
     0 | D:1      | Reached XP level 1. HP: 14/14 MP: 5/5
     1 | D:1      | Noticed an electric eel
    33 | D:1      | Reached skill level 1 in Conjurations
   207 | D:1      | Reached skill level 3 in Fire Magic
   466 | D:1      | Reached XP level 2. HP: 19/20 MP: 2/7
   568 | D:1      | Learned a level 2 spell: Scorch
  1310 | D:2      | Noticed Terence
  1322 | D:2      | Slain by Terence

Illustrated notes

Levels and vault maps discovered:
D:1:      arrival_aquarium_a, layout_basic, grunt_decor_junction
D:2:      layout_basic, serial_park_tiny_1, uniq_terence

Skill      XL: |  1  2 |
---------------+-------+-----
Conjurations   | 1 2 |  2.0
Fire Magic     | 3 |  3.3
Dodging        | |  1.7
Stealth        | |  1.7
Spellcasting   | |  1.7

Action                     || total
---------------------------++-------
  Melee: Falchion          ||     7
   Cast: Foxfire           ||    22
         Scorch            ||    17
    Use: Potion            ||     1
 Armour: Robe              ||     2
  Dodge: Dodged            ||    13

Table legend: (Time is in decaauts)
 A = Elapsed time spent in this place.
 B = Non-inter-level travel time spent in this place.
 C = Inter-level travel time spent in this place.
 D = Time resting spent in this place.
 E = Time spent auto-exploring this place.
 F = Levels seen in this place.
 G = Mean time per level.
                   A        B        C        D        E       F      G
               +--------+--------+--------+--------+--------+-----+--------+
         Total |   1322 |   1302 |     20 |      0 |   1149 |   2 |  661.0 |
       Dungeon |   1322 |   1302 |     20 |      0 |   1149 |   2 |  661.0 |
               +--------+--------+--------+--------+--------+-----+--------+

Top non-repeatable levels by time:
     D:1: 1127 daAuts
     D:2: 195 daAuts
